 Dungeon Crawl Stone Soup version 0.29-a0-275-g389c0b56f3 (webtiles) character file.

Game seed: 3945938045316281122

98 Colgate the Vexing (level 4, 0/21 HPs)
             Began as a Spriggan Enchanter on Mar 9, 2022.
             Was an Initiate of Yredelemnul.
             Succumbed to a water moccasin's poison
             ... on level 3 of the Dungeon.
             The game lasted 00:11:40 (2962 turns).

Colgate the Vexing (Spriggan Enchanter)             Turns: 2962, Time: 00:11:40

Health: 0/21       AC:  7    Str:  4    XL:     4   Next: 44%
Magic:  5/9        EV: 22    Int: 21    God:    Yredelemnul [......]
Gold:   125        SH:  0    Dex: 15    Spells: 1/9 levels left

rFire   x . .      SeeInvis +   a - +1 dagger
rCold   + . .      Faith    .   (no shield)
rNeg    . . .      Spirit   .   s - +5 robe of Misfortune {Harm *Corrode *Slow EV+5}
rPois   .          Reflect  .   l - +0 hat {Int+3}
rElec   .          Harm     +   (no cloak)
rCorr   .          Rampage  .   (gloves unavailable)
Will    .....                   (boots unavailable)
Stlth   +++.......              (no amulet)
HPRegen 0.07/turn               g - ring of ice
MPRegen 0.11/turn               (no ring)

@: lethally poisoned (0 -> -6), very quick
A: very small, no large weapons, unfitting armour, see invisible, speed 3
a: Renounce Religion, Recall Undead Harvest


You were on level 3 of the Dungeon.
You worshipped Yredelemnul.
Yredelemnul was noncommittal.
You visited 1 branch of the dungeon, and saw 3 of its levels.

You collected 125 gold pieces.

Inventory:

Hand Weapons
 a - a +1 dagger (weapon)
 b - a +0 scimitar
Missiles
 m - 9 poisoned darts
Armour
 l - a +0 hat of intelligence (worn)
 q - a +0 robe
 r - the -2 hat of the Alchemist {rElec rPois rF+ rC+ rN+ Will+ rMut rCorr}
   (You acquired it on level 3 of the Dungeon)

   rF:        It protects you from fire.
   rC:        It protects you from cold.
   rElec:     It insulates you from electricity.
   rPois:     It protects you from poison.
   rN:        It protects you from negative energy.
   rCorr:     It protects you from acid and corrosion.
   rMut:      It protects you from mutation.
   Will:      It increases your willpower.
 s - the +5 robe of Misfortune (worn) {Harm *Corrode *Slow EV+5}
   (You acquired it on level 3 of the Dungeon)

   EV:        It affects your evasion (+5).
   *Corrode:  It may corrode you when you take damage.
   *Slow:     It may slow you when you take damage.
   Harm:      It increases damage dealt and taken.
Jewellery
 g - a ring of ice (left hand)
Scrolls
 e - 2 scrolls of magic mapping {unknown}
 f - 2 scrolls of teleportation {unknown}
 h - a scroll of fear {unknown}
 j - a scroll of identify {unknown}
 k - a scroll of vulnerability {unknown}
 o - a scroll of enchant weapon {unknown}
 v - a scroll of fog {unknown}
Potions
 c - 3 potions of invisibility
 d - a potion of might {unknown}
 i - 2 potions of curing {unknown}
 n - a potion of flight {unknown}
 p - a potion of brilliance {unknown}
 t - a potion of mutation {unknown}
 u - a potion of lignification {unknown}
 w - 2 potions of heal wounds {unknown}


   Skills:
 - Level 1.1 Short Blades
 - Level 2.6 Dodging
 - Level 4.4 Stealth
 - Level 3.1 Spellcasting
 + Level 6.1 Hexes


You had one spell level left.
You knew the following spells:

 Your Spells              Type           Power      Damage    Failure   Level
a - Ensorcelled Hibernat  Hex/Ice        48%        N/A       5%          2
b - Tukima's Dance        Hex            29%        N/A       3%          3
c - Confusing Touch       Hex            29%        N/A       3%          3

Your spell library contained the following spells:

 Spells                   Type           Power      Damage    Failure   Level
 Freeze                   Ice            16%        1d4       13%         1
 Dazzling Flash           Conj/Hex       32%        N/A       11%         3
 Frozen Ramparts          Ice            8%         1d2       36%         3
 Hailstorm                Conj/Ice       4%         3d4       78%         4


Dungeon Overview and Level Annotations

Branches:
Dungeon (3/15)

Altars:
Yredelemnul


Innate Abilities, Weirdness & Mutations

You are very small and have problems with some larger weapons.
You are too small for most types of armour.
You have supernaturally acute eyesight. (SInv)
You cover ground extremely quickly. (Speed+++)


Message History

Found a stone staircase leading down.
The water moccasin hisses angrily.
You hear a shout!
The water moccasin misses you.
You feel a surge of power!
The water moccasin looks drowsy...
The helpless water moccasin fails to defend itself.
You puncture the water moccasin!
The water moccasin closely misses you. x2
A white imp comes into view.
Your hobgoblin zombie completely misses the water moccasin.
Casting: Ensorcelled Hibernation (safe; 5% risk of failure)
Your hands begin to glow red.
The water moccasin bites your hobgoblin zombie.
The water moccasin bites your hobgoblin zombie!
Your hobgoblin zombie is destroyed!
You barely miss the water moccasin.
You punch the water moccasin, but do no damage.
The water moccasin barely misses you.
You hit the water moccasin but do no damage.
The water moccasin bites you.
You are poisoned.
The water moccasin poisons you!
You closely miss the water moccasin.
You feel very sick. The water moccasin barely misses you.
The water moccasin bites you.
You hit the water moccasin but do no damage.
The water moccasin appears confused.
You feel sick.
The water moccasin completely misses you.
You barely miss the water moccasin.
You feel sick. The white imp gestures at you.
The puff of frost hits you but does no damage.
You resist.
You hit the water moccasin. Your punch misses the water moccasin.
* * * LOW HITPOINT WARNING * * *
You feel sick. The water moccasin closely misses you.
The water moccasin misses you. The white imp gestures at you.
The puff of frost hits you. You resist.
* * * LOW HITPOINT WARNING * * *
You hit the water moccasin.
You die...
Your body rises from the dead as a mindless zombie.

### ##### ##(##
#...# ##...## #.
##.#.# #..#Z.#
##.##.>#5#
..###Z####...5.##.#
### #..##...####@S#
##.##...###>.##
#.##...##..##
#.#....#..##
###.#..#...##
#.....##..##
#....###..#
#..#.###..#
##..#......#


You could see a water moccasin (confused) and a white imp.

Vanquished Creatures
  2 adders
  2 gnolls (D:2)
  A dart slug (D:1)
  2 orcs (D:3)
  5 endoplasms
  2 giant cockroaches (D:1)
  5 goblins
  9 hobgoblins
  2 jackals (D:1)
  A ball python (D:2)
  2 frilled lizards
  3 kobolds
  6 rats
42 creatures vanquished.

Vanquished Creatures (collateral kills)
  A gnoll (D:2)
  2 giant cockroaches (D:1)
3 creatures vanquished.

Vanquished Creatures (others)
  An adder zombie (D:2)
  A ball python zombie (D:2)
  A frilled lizard zombie (D:2)
  3 goblin zombies
  A hobgoblin zombie (D:3)
  An orc zombie (D:3)
  A rat zombie (D:2)
  A spectral endoplasm (D:3)
  A fungus (D:1)
  4 plants (D:1)
15 creatures vanquished.

Grand Total: 60 creatures vanquished

Notes
Turn   | Place    | Note
-------+----------+-------------------------------------------
     0 | D:1      | Colgate the Spriggan Enchanter began the quest for the Orb.
     0 | D:1      | Reached XP level 1. HP: 9/9 MP: 5/5
   188 | D:1      | Found a faded altar of an unknown god.
   195 | D:1      | Prayed at the altar of an unknown god.
   195 | D:1      | Became a worshipper of Yredelemnul the Dark
   195 | D:1      | Reached * piety under Yredelemnul
   217 | D:1      | Reached skill level 4 in Hexes
   281 | D:1      | Reached XP level 2. HP: 13/13 MP: 6/6
   284 | D:1      | Learned a level 2 spell: Ensorcelled Hibernation
   494 | D:1      | Reached ** piety under Yredelemnul
   683 | D:1      | Reached skill level 5 in Hexes
   695 | D:1      | You fall into a shaft and drop 1 floor!
  1007 | D:2      | Reached XP level 3. HP: 11/16 MP: 0/8
  2017 | D:2      | Reached XP level 4. HP: 16/21 MP: 1/9
  2035 | D:2      | Learned a level 3 spell: Tukima's Dance
  2039 | D:2      | Learned a level 3 spell: Confusing Touch
  2468 | D:3      | Identified 3 scrolls of acquirement
  2468 | D:3      | Acquired the -2 hat of the Alchemist {rElec rPois rF+ rC+
                  | rN+ Will+ rMut rCorr}
  2468 | D:3      | Found the -2 hat of the Alchemist {rElec rPois rF+ rC+ rN+
                  | Will+ rMut rCorr}
  2470 | D:3      | Acquired the +5 robe of Misfortune {Harm *Corrode *Slow
                  | EV+5}
  2470 | D:3      | Found the +5 robe of Misfortune {Harm *Corrode *Slow EV+5}
  2471 | D:3      | Acquired a +0 hat of intelligence
  2520 | D:3      | Reached skill level 6 in Hexes
  2941 | D:3      | Noticed a water moccasin
  2962 | D:3      | Succumbed to a water moccasin's poison

Illustrated notes

Levels and vault maps discovered:
D:1:      psy_arrival_wood_between_worlds, layout_basic,
          shapermc_ecumenical_altar_mp_ritualfount
D:2:      layout_basic
D:3:      layout_rooms, supply_closet_lemuel, uniq_robin

Skill      XL: |  1  2  3  4 |
---------------+-------------+-----
Hexes          | 4 5 6 |  6.1
Spellcasting   | 3 |  3.1
Short Blades   | |  1.1
Dodging        | |  2.6
Stealth        | |  4.4

Action                   |  1- 3 |  4- 6 || total
-------------------------+-------+-------++-------
Melee: Dagger            |    49 |    30 ||    79
       Punch             |     1 |     1 ||     2
       Scimitar          |       |     1 ||     1
 Cast: Ensorcelled Hiber |    21 |    15 ||    36
       Confusing Touch   |       |     1 ||     1
  Use: Scroll            |       |     3 ||     3
 Stab: Sleeping          |    21 |    16 ||    37
       Distracted        |     1 |       ||     1
Armor: Robe              |     3 |     1 ||     4
Dodge: Dodged            |    24 |    25 ||    49

Table legend: (Time is in decaauts)
 A = Elapsed time spent in this place.
 B = Non-inter-level travel time spent in this place.
 C = Inter-level travel time spent in this place.
 D = Time resting spent in this place.
 E = Time spent auto-exploring this place.
 F = Levels seen in this place.
 G = Mean time per level.
                   A        B        C        D        E       F      G
               +--------+--------+--------+--------+--------+-----+--------+
         Total |   2822 |   2698 |    124 |    100 |   2179 |   3 |  940.7 |
       Dungeon |   2822 |   2698 |    124 |    100 |   2179 |   3 |  940.7 |
               +--------+--------+--------+--------+--------+-----+--------+

Top non-repeatable levels by time:
     D:1: 1302 daAuts
     D:2: 1016 daAuts
     D:3: 503 daAuts
